 Dungeon Crawl Stone Soup version 0.21.1-1-g345015f (webtiles) character file.

44 Hasart the Chiller (level 3, -1/16 HPs)
             Began as a Vine Stalker Ice Elementalist on Mar 29, 2018.
             Slain by an adder (2 damage)
             ... on level 2 of the Dungeon.
             The game lasted 00:02:51 (1186 turns).

Hasart the Chiller (Vine Stalker Ice Elementalist)  Turns: 1186, Time: 00:02:52

Health: -1/16      AC:  2    Str: 10    XL:     3   Next: 60%
Magic:  0/8        EV: 12    Int: 16    God:
Gold:   22         SH:  0    Dex: 14    Spells: 6/7 levels left

rFire    . . .     SeeInvis .   d - +0 spear (curse)
rCold    . . .     Gourm    .   (no shield)
rNeg     . . .     Faith    .   g - +0 robe (curse)
rPois    .         Spirit   +   (no helmet)
rElec    .         Reflect  .   (no cloak)
rCorr    .         Harm     .   (no gloves)
MR       .....                  (no boots)
Stlth    ++........             (no amulet)
HPRegen  0.05/turn              (no ring)
MPRegen  0.11/turn              (no ring)

@: lethally poisoned (-1 -> -7), very slightly contaminated
A: fangs 2, magic shield, antimagic bite, no potion heal 3, rot immunity
a: no special abilities


You were on level 2 of the Dungeon.
You were not hungry.

You visited 1 branch of the dungeon, and saw 2 of its levels.

You collected 22 gold pieces.

Inventory:

Hand Weapons
 d - a cursed +0 spear (weapon)
 j - a +2 whip of electrocution
Armour
 g - a cursed +0 robe (worn)
Scrolls
 a - a scroll of identify {unknown}
 h - a scroll of amnesia {unknown}
 i - a scroll of remove curse {unknown}
Potions
 e - a potion of resistance {unknown}
 k - a potion of flight {unknown}
 l - a potion of agility {unknown}
Books
 b - a book of Frost

   Spells                             Type                      Level
   a - Freeze                         Ice                          1
   b - Throw Frost                    Conjuration/Ice              2
   c - Ozocubu's Armour               Charms/Ice                   3
   d - Throw Icicle                   Conjuration/Ice              4
   e - Summon Ice Beast               Ice/Summoning                4
Comestibles
 c - 4 rations
 f - 4 chunks of flesh


   Skills:
 - Level 1.5 Dodging
 - Level 2.4 Stealth
 + Level 2.8 Spellcasting
   Level 1.0 Conjurations
 * Level 4.1 Ice Magic


You had 6 spell levels left.
You knew the following spells:

 Your Spells              Type           Power        Failure   Level  Hunger
a - Freeze                Ice            ###.         3%          1    #......


Dungeon Overview and Level Annotations

Branches:
Dungeon (2/15)

Altars:


Innate Abilities, Weirdness & Mutations

You have extremely sharp teeth.
When hurt, damage is shared between your health and your magic reserves.
Your bite disrupts and absorbs the magic of your enemies.
Potions cannot restore your health.
You are immune to rotting.


Message History

The giant cockroach bites you but does no damage.
The adder bites you but does no damage.
The giant cockroach completely misses you.
You hit the adder.
The adder is almost dead.
The adder bites you.
You are poisoned.
The adder poisons you! The giant cockroach bites you. The adder bites you.
* * * LOW HITPOINT WARNING * * *
You miss the adder. Your bite misses the adder.
The adder is almost dead.
* * * LOW HITPOINT WARNING * * *
You feel sick. The giant cockroach barely misses you.
The adder barely misses you.
You miss the adder.
The adder is almost dead.
The giant cockroach barely misses you. The adder barely misses you.
The giant cockroach bites you but does no damage.
The adder bites you.
You die...

###....#####....#
#.%.........#....#
#..8........#....#
#.8_8............#
#..8........#....#
#..........(#....#
#...........#...##
#.....S.(........$
#....)@.....#######
#.....s.#.###
#.......#.#
#?......#.#
#.......#..
#.......###
#.......# #>......#


You could see an adder and a giant cockroach.

Vanquished Creatures
  A dart slug (D:1)
  A leopard gecko (D:2)
  3 giant cockroaches (D:1)
  3 goblins
  3 hobgoblins (D:1)
  6 jackals (D:1)
  4 kobolds
  5 bats (D:1)
  4 frilled lizards (D:1)
  6 rats (D:1)
36 creatures vanquished.

Notes
Turn   | Place    | Note
-------+----------+-------------------------------------------
     0 | D:1      | Hasart the Vine Stalker Ice Elementalist began the quest for the Orb.
     0 | D:1      | Reached XP level 1. HP: 9/9 MP: 4/4
    82 | D:1      | Reached XP level 2. HP: 12/13 MP: 0/6
   715 | D:1      | Reached XP level 3. HP: 16/16 MP: 7/7
  1003 | D:1      | Reached skill level 4 in Ice Magic
  1169 | D:2      | Found a faded altar of an unknown god.
  1186 | D:2      | Slain by an adder

Skill      XL: |  1  2  3 |
---------------+----------+-----
Ice Magic      | 4 |  4.1
Dodging        | |  1.5
Stealth        | |  2.4
Spellcasting   | |  2.8
Conjurations   | |  1.0

Action                   || total
-------------------------++-------
Melee: Spear             ||    48
       Bite              ||     9
 Cast: Freeze            ||    35
 Stab: Sleeping          ||     1
  Eat: Chunk             ||     1
Armor: Robe              ||    23
Dodge: Dodged            ||    69
